 Dungeon Crawl Stone Soup version 0.31-a0-370-g25055926c8 (webtiles) character file.

Game seed: 9869355485362317669

118075 AdnanSaban the Peltast (level 16, -11/106 HPs)
             Began as a Gargoyle Fighter on July 29, 2023.
             Was the Champion of Okawaru.
             Mangled by a spriggan berserker
             ... wielding a +1 broad axe of flaming
              (33 damage)
             ... on level 1 of the Swamp.
             The game lasted 00:45:05 (20904 turns).

AdnanSaban the Peltast (Gargoyle Fighter)          Turns: 20904, Time: 00:45:06

Health: -11/106    AC: 46    Str: 26    XL:     16   Next: 75%
Magic:  23/23      EV:  5    Int: 16    God:    Okawaru [******]
Gold:   2233       SH: 23    Dex:  9    Spells: 15/15 levels left

rFire   + . .        V - +7 flail of Duty {freeze, rC++ Will- rCorr}
rCold   + + .        G - +5 tower shield of Fixuq {Will+ Int+2 Stlth+}
rNeg    + . .        X - +2 crystal plate armour {rC+}
rPois   ∞            Q - +0 helmet {SInv}
rElec   +            p - +1 cloak {rPois}
rCorr   +            K - +0 pair of gloves
SInv    +            (no boots)
Will    ++...        n - amulet of regeneration Stlth
                     w - ring "Boubbip" {Fire Will+ Int+3 Stlth-}
HPRegen 1.17/turn    l - +4 ring of protection
MPRegen 0.18/turn

%: no passive effects
@: flying
A: sickness immunity, AC +12, big wings, negative energy resistance 1,
electricity resistance, torment resistance 1, petrification resistance
a: Renounce Religion, Heroism, Finesse, Duel


You were on level 1 of the Swamp.
You worshipped Okawaru.
Okawaru was exalted by your worship.
You visited 5 branches of the dungeon, and saw 25 of its levels.
You also visited: Gauntlet and Ice Cave.

You collected 2233 gold pieces.

Inventory:

Hand Weapons
 S - the +8 mace of the Fresh God {drain, rPois}
   (You found it on level 11 of the Dungeon)

   rPois:     It protects you from poison.
 V - the +7 flail of Duty (weapon) {freeze, rC++ Will- rCorr}
   (Okawaru gifted it to you in an ice cave)

   rC:        It greatly protects you from cold.
   rCorr:     It protects you from acid and corrosion.
   Will:      It decreases your willpower.
Missiles
 c - 3 throwing nets
 e - 48 poisoned darts
 E - 17 boomerangs (quivered)
 I - 7 atropa-tipped darts
 Y - 8 javelins
Armour
 p - a +1 cloak of poison resistance (worn)
 F - a +2 kite shield of cold resistance
 G - the +5 tower shield of Fixuq (worn) {Will+ Int+2 Stlth+}
   (You found it in a Gauntlet)

   Int:       It affects your intelligence (+2).
   Will:      It increases your willpower.
   Stlth:     It makes you more stealthy.
 K - a +0 pair of gloves (worn)
 Q - a +0 helmet of see invisible (worn)
 X - a +2 crystal plate armour of cold resistance (worn)
Jewellery
 l - a +4 ring of protection (right hand)
 n - an amulet of regeneration (around neck)
 w - the ring "Boubbip" (left hand) {Fire Will+ Int+3 Stlth-}
   (You found it in a Gauntlet)

   [ring of fire]

   It enhances your fire magic.
   Int:       It affects your intelligence (+3).
   rF:        It protects you from fire.
   rC:        It makes you vulnerable to cold.
   Will:      It increases your willpower.
   Stlth:     It makes you less stealthy.
 L - a ring of wizardry
 N - an amulet of reflection
 P - a +6 ring of dexterity
Wands
 j - a wand of iceblast (11)
 H - a wand of quicksilver (5)
 O - a wand of flame (23)
 W - a wand of polymorph (6)
Scrolls
 b - 4 scrolls of immolation {unknown}
 f - 11 scrolls of teleportation {unknown}
 h - 13 scrolls of identify
 i - 7 scrolls of poison {unknown}
 k - 5 scrolls of blinking {unknown}
 q - 2 scrolls of noise {unknown}
 r - 3 scrolls of revelation {unknown}
 t - a scroll of silence
 x - 6 scrolls of fog {unknown}
 y - 3 scrolls of fear {unknown}
 C - 4 scrolls of enchant armour {unknown}
 D - 2 scrolls of acquirement {unknown}
 J - a scroll of enchant weapon {unknown}
 M - a scroll of vulnerability {unknown}
 T - 2 scrolls of brand weapon {unknown}
 Z - a scroll of butterflies {unknown}
Potions
 a - 5 potions of haste
 d - 4 potions of might
 g - 3 potions of enlightenment {unknown}
 m - 5 potions of lignification {unknown}
 o - a potion of heal wounds
 s - 3 potions of magic {unknown}
 u - a potion of resistance
 v - 6 potions of degeneration {unknown}
 z - 3 potions of attraction {unknown}
 A - a potion of invisibility
 B - 7 potions of curing
 R - a potion of ambrosia
 U - 3 potions of berserk rage {unknown}


   Skills:
 + Level 14.2 Fighting
 + Level 15.7 Maces & Flails
 + Level 4.5 Throwing
 + Level 13.4 Armour
 + Level 2.3 Dodging
 + Level 17.1 Shields
 * Level 9.8 Invocations


You had 15 spell levels left.
You didn't know any spells.
Your spell library contained the following spells:

 Spells                   Type           Power      Damage    Failure   Level
 Apportation              Tloc           0%         N/A       100%        1
 Blink                    Tloc           0%         N/A       100%        2
 Poisonous Vapours        Pois/Air       0%         N/A       100%        2
 Gell's Gravitas          Tloc           0%         N/A       100%        3
 Hailstorm                Conj/Ice       0%         3d3       100%        3
 Ignite Poison            Fire/Tmut/Pois 0%         N/A       100%        3
 Mephitic Cloud           Conj/Pois/Air  0%         N/A       100%        3
 Portal Projectile        Hex/Tloc       0%         N/A       100%        3
 Teleport Other           Tloc           0%         N/A       100%        3
 Vhi's Electric Charge    Tloc/Air       0%         N/A       100%        3
 Iskenderun's Mystic Bla  Conj/Tloc      0%         2d3       100%        4
 Leda's Liquefaction      Hex/Erth       0%         N/A       100%        4
 Manifold Assault         Tloc           0%         N/A       100%        4
 Alistair's Intoxication  Tmut/Pois      0%         N/A       100%        5
 Arcjolt                  Conj/Air       0%         1d10      100%        5
 Freezing Cloud           Conj/Ice/Air   0%         6-21      100%        5
 Dispersal                Tloc           0%         N/A       100%        6
 Enfeeble                 Hex            0%         N/A       100%        7
 Maxwell's Capacitive Co  Air            0%         ∞         100%        8
 Call Imp                 Summ           Unusable   N/A       N/A         2
 Cigotuvi's Dreadful Rot  Necr/Pois/Air  Unusable   N/A       N/A         2
 Call Canine Familiar     Summ           Unusable   N/A       N/A         3
 Tukima's Dance           Hex            Unusable   N/A       N/A         3
 Summon Ice Beast         Ice/Summ       Unusable   N/A       N/A         4
 Simulacrum               Ice/Necr       Unusable   N/A       N/A         6
 Summon Horrible Things   Summ           Unusable   N/A       N/A         8

Dungeon Overview and Level Annotations

Branches:
Dungeon (14/15)            Temple (1/1) D:7            Lair (5/5) D:10
  Swamp (3/4) Lair:3       Spider (0/4) Lair:2        Slime (0/5) Lair:4
    Orc (2/2) D:12            Elf (0/3) Orc:2        Vaults (0/5) D:13
  IceCv (visited)         Gauntlet (visited)

Altars:
Ashenzari
Cheibriados
Dithmenos
Elyvilon
Fedhas
Gozag
Hepliaklqana
Kikubaaqudgha
Makhleb
Nemelex Xobeh
Okawaru
Qazlal
Ru
Sif Muna
Trog
Uskayaw
Vehumet
Wu Jian
Xom
Yredelemnul
Zin
The Shining One
Jiyva

Shops:
D:8 ?   Orc:1 !   Orc:2 (::(

Annotations:
D:4 1 runed translucent door, Crazy Yiuf


Innate Abilities, Weirdness & Mutations

You are immune to sickness and miasma.
Your stone body is resilient. (AC +12)
You are immune to poison.
Your large and strong wings let you fly.
You resist negative energy. (rN+)
You are resistant to electric shocks. (rElec)
You are resistant to unholy torment.
You are immune to petrification.


Message History

The spriggan berserker burns you. You block the spriggan rider's attack.
The spriggan berserker hits you with a +1 broad axe of flaming!
The spriggan berserker burns you.
You miss the spriggan berserker.
The spriggan berserker is severely wounded.
You block the spriggan rider's attack.
The spriggan berserker hits you but does no damage.
You closely miss the spriggan berserker.
The spriggan berserker is severely wounded.
The spriggan berserker hits you but does no damage.
The spriggan rider hits you but does no damage.
You barely miss the spriggan berserker.
The spriggan berserker is severely wounded.
The spriggan berserker hits you with a +1 broad axe of flaming!!
The spriggan berserker burns you. You block the spriggan rider's attack.
You are too injured to fight recklessly!
You are too injured to fight recklessly!
You are too injured to fight recklessly!
You are too injured to fight recklessly!
You are too injured to fight recklessly!
You are too injured to fight recklessly!
You are too injured to fight recklessly!
You are too injured to fight recklessly!
You are too injured to fight recklessly!
You are too injured to fight recklessly!
You are too injured to fight recklessly!
You are too injured to fight recklessly!
You are too injured to fight recklessly!
You are too injured to fight recklessly!
You are too injured to fight recklessly!
Unknown command.
The spriggan rider attacks as you move away!
You block the spriggan rider's attack.
The spriggan berserker rages.
The spriggan berserker hits you with a +1 broad axe of flaming!!
* * * LOW HITPOINT WARNING * * *
You feel better.
The spriggan berserker hits you but does no damage.
The spriggan berserker hits you with a +1 broad axe of flaming!!
You die...

♣~..###.♣...##♣♣.
♣§)#.....♣~~♣# ♣.
♣♣#.>.#.)♣#..♣#♣.
#..#######~.#♣)
♣♣##### . #.##♣.
♣~....#... #...#.
♣.#i....~. #..♣#.
♣~ii~.# #..♣#.
♣@##### ###♣~.
♣.~#..## #♣♣#))
♣..#.>)#♣♣♣#♣^♣~..
♣..##)))..~#..~...
♣..~###.~.♣###~...
♣♣....♣#.~.#..♣~..
♣........♣♣♣..♣♣♣
♣♣.♣..~..♣♣.♣♣.♣
♣♣♣♣♣♣♣♣♣♣♣ ♣♣


You could see a spriggan rider, a spriggan berserker (berserk, regenerating,
strong-willed) and a spriggan air mage (repels missiles).

Vanquished Creatures
  Rupert (Orc:2)
  A thorn hunter (Swamp:1)
  2 eleionomae
  A minotaur (Gauntlet)
  2 bunyips (Swamp:1)
  A dire elephant (Lair:5)
  A green death (Gauntlet)
  Josephine (Lair:5)
  4 hydras
  2 ogre magi (Orc:2)
  2 catoblepae
  3 centaur warriors
  The ghost of spanner the Fighter, a novice MiBe of Trog (D:10)
  2 ironbound frosthearts (IceCv)
  10 two-headed ogres
  2 dancing weapons (D:13)
  2 alligators (Swamp:1)
  2 boulder beetles
  A deep troll shaman (Lair:5)
  14 death yaks
  A spriggan berserker (Swamp:1)
  Sonja (D:12)
  A goliath frog (Swamp:2)
  4 spriggan druids (Swamp:1)
  3 skeletal warriors (D:11)
  3 bog bodies
  2 deep trolls (Orc:2)
  A deep elf pyromancer (D:12)
  3 swamp dragons (Swamp:2)
  Pikel (D:3)
  3 orc knights
  A manticore (D:11)
  3 orc sorcerers
  18 ugly things
  6 cyclopes
  An ice statue (IceCv)
  10 elephants
  2 centaur skeletons (D:13)
  5 black mambas
  2 gargoyles (D:13)
  2 orange demons (Gauntlet)
  2 torpor snails (Lair:3)
  10 cane toads
  An apocalypse crab (Gauntlet)
  8 komodo dragons
  6 rime drakes
  An unseen horror (D:11)
  An efreet (D:11)
  11 polar bears
  A polar bear (shapeshifter) (D:13)
  12 trolls
  16 hornets
  4 tyrant leeches
  Grinder (D:3)
  17 blink frogs
  A jumping spider (Lair:2)
  7 dream sheep (Lair:3)
  2 meliai zombies (D:13)
  A slime creature (D:12)
  22 spriggans
  Eustachio (D:4)
  8 wyverns
  3 shadows
  51 yaks
  A human (D:12)
  5 basilisks
  A fire bat (shapeshifter) (D:14)
  4 wraiths (Lair:5)
  A hog (shapeshifter) (D:13)
  A redback (Lair:2)
  2 steam dragons (D:5)
  Menkaure (D:6)
  Edmund (D:5)
  10 vampire mosquitoes
  5 swamp worms
  5 wargs
  3 acid dragons
  A meliai simulacrum (D:13)
  2 sky beasts
  24 orc warriors
  11 water moccasins
  An ice beast (D:6)
  3 black bears
  22 wolves
  21 ogres
  12 centaurs
  A lemure (D:4)
  A phantom (D:5)
  A kobold brigand (D:7)
  6 bullfrogs
  Blork the orc (D:4)
  2 scorpions
  A gnoll sergeant (D:10)
  28 wights
  3 electric eels (D:7)
  3 howler monkeys
  8 hounds
  16 orc priests
  2 gnoll boudas
  8 jellies
  2 sleepcaps
  4 iguanas
  22 orc wizards
  2 hell rats (Lair:1)
  Robin (D:3)
  13 gnolls
  8 adders
  7 river rats (Lair:1)
  2 shadow imps
  A worm (D:3)
  6 dart slugs (D:7)
  70 orcs
  A bat (D:1)
  7 endoplasms
  6 giant cockroaches
  14 goblins
  15 hobgoblins
  10 kobolds
  6 quokkas
  2 ball pythons
  A frilled lizard (D:1)
  4 rats
737 creatures vanquished.

Vanquished Creatures (others)
  A white imp (D:7)
  A dart slug (D:7)
2 creatures vanquished.

Grand Total: 739 creatures vanquished

Notes
Turn   | Place    | Note
-------+----------+-------------------------------------------
     0 | D:1      | AdnanSaban the Gargoyle Fighter began the quest for the
                  | Orb.
     0 | D:1      | Reached XP level 1. HP: 14/14 MP: 1/1
   223 | D:1      | Reached XP level 2. HP: 14/19 MP: 2/2
   912 | D:2      | Reached XP level 3. HP: 23/23 MP: 3/3
  1412 | D:3      | Noticed Grinder
  1419 | D:3      | Paralysed by Grinder for 5 turns
  1450 | D:3      | Killed Grinder
  1451 | D:3      | Reached skill level 4 in Shields
  1451 | D:3      | Reached XP level 4. HP: 17/29 MP: 4/4
  1451 | D:3      | Reached XP level 5. HP: 19/33 MP: 5/5
  1451 | D:3      | Reached XP level 6. HP: 22/38 MP: 6/6
  1675 | D:3      | Noticed Robin
  1685 | D:3      | Killed Robin
  1859 | D:3      | Found a shadowy altar of Dithmenos.
  2008 | D:3      | Found a faded altar of an unknown god.
  2308 | D:4      | Reached skill level 5 in Armour
  2384 | D:4      | Noticed Blork the orc
  2391 | D:4      | Noticed Pikel
  2465 | D:3      | Killed Pikel
  2466 | D:3      | Reached XP level 7. HP: 42/44 MP: 7/7
  2468 | D:3      | Reached XP level 8. HP: 47/48 MP: 8/8
  2700 | D:4      | Noticed Eustachio
  2763 | D:4      | Killed Eustachio
  2764 | D:4      | Reached skill level 1 in Dodging
  2914 | D:4      | Found a runed translucent door.
  2915 | D:4      | Noticed Crazy Yiuf
  3090 | D:5      | Entered Level 5 of the Dungeon
  3108 | D:5      | Reached skill level 5 in Fighting
  3205 | D:5      | Reached skill level 5 in Shields
  3222 | D:5      | Found a burning altar of Makhleb.
  3246 | D:5      | Found a glowing silver altar of Zin.
  3246 | D:5      | Noticed an angel
  3247 | D:5      | Noticed an Executioner
  3285 | D:5      | Reached skill level 1 in Throwing
  3753 | D:4      | Killed Blork the orc
  4000 | D:5      | Got Pitopra's Grimoire of Hapless Accompaniment
  4052 | D:5      | Reached XP level 9. HP: 54/54 MP: 9/9
  4153 | D:6      | Noticed Menkaure
  4167 | D:6      | Killed Menkaure
  4212 | D:6      | Noticed Edmund
  4285 | D:5      | Killed Edmund
  4286 | D:5      | Reached skill level 6 in Shields
  4717 | D:7      | Found a bloodstained altar of Trog.
  4807 | D:7      | Found a shimmering altar of Xom.
  4807 | D:7      | Found a basalt altar of Yredelemnul.
  4875 | D:7      | Found a staircase to the Ecumenical Temple.
  4892 | D:7      | Reached XP level 10. HP: 50/61 MP: 10/10
  4933 | Temple   | Entered the Ecumenical Temple
  5456 | D:7      | Found an iron altar of Okawaru.
  5480 | D:7      | Became a worshipper of Warmaster Okawaru
  5497 | D:8      | Found Nisolleff's Magic Scroll Boutique.
  5510 | D:8      | Noticed a two-headed ogre
  5560 | D:7      | Killed a two-headed ogre
  5560 | D:7      | Reached * piety under Okawaru
  5561 | D:7      | Reached skill level 10 in Maces & Flails
  6207 | D:9      | Reached skill level 7 in Shields
  6210 | D:9      | Reached ** piety under Okawaru
  6570 | D:9      | Reached XP level 11. HP: 65/68 MP: 11/11
  6615 | D:9      | Found a radiant altar of Vehumet.
  6829 | D:10     | Entered Level 10 of the Dungeon
  7040 | D:10     | Found a staircase to the Lair.
  7253 | D:10     | Identified the ring of the Ghostly Lychee {EV+5 Str+4}
  7285 | D:10     | Found a runed translucent gate.
  7362 | D:10     | Found a runed translucent gate.
  7362 | D:10     | Found a runed translucent gate.
  7364 | D:10     | Noticed a 12-headed hydra
  7364 | D:10     | Noticed spanner's ghost (novice MiBe)
  7364 | D:10     | Noticed a 12-headed hydra
  7738 | D:11     | Identified the +8 mace of the Fresh God {drain, rPois}
  7741 | D:11     | Noticed a skeletal warrior
  7742 | D:11     | Noticed a skeletal warrior
  7823 | D:11     | Noticed a manticore
  7886 | D:11     | Found a frozen archway.
  7896 | D:11     | Reached *** piety under Okawaru
  7915 | IceCv    | Entered an ice cave
  8165 | IceCv    | Reached **** piety under Okawaru
  8171 | IceCv    | Reached skill level 8 in Shields
  8222 | IceCv    | Reached skill level 10 in Armour
  8522 | IceCv    | Reached ***** piety under Okawaru
  8579 | IceCv    | Noticed a death yak
  8610 | IceCv    | Killed a death yak
  8615 | IceCv    | Reached XP level 12. HP: 76/76 MP: 12/12
  8698 | IceCv    | Noticed an ironbound frostheart
  8698 | IceCv    | Noticed a death yak
  8698 | IceCv    | Noticed a death yak
  8698 | IceCv    | Noticed an ironbound frostheart
  8698 | IceCv    | Noticed a death yak
  8719 | IceCv    | Killed a death yak
  8719 | IceCv    | Received a gift from Okawaru
  8741 | IceCv    | Killed a death yak
  8744 | IceCv    | Killed a death yak
  8756 | IceCv    | Killed an ironbound frostheart
  8756 | IceCv    | Identified the +7 flail of Duty {freeze, rC++ Will- rCorr}
                  | (Okawaru gifted it to you in an ice cave)
  8756 | IceCv    | Received a gift from Okawaru
  8757 | IceCv    | Reached skill level 10 in Fighting
  8757 | IceCv    | Reached skill level 9 in Shields
  8764 | IceCv    | Reached ****** piety under Okawaru
  8839 | IceCv    | Killed an ironbound frostheart
  8876 | IceCv    | Identified the ring "Syennan" {rElec rF+ rC- Str+4}
  9266 | D:11     | Noticed a five-headed hydra
  9274 | D:11     | Killed a five-headed hydra
  9372 | D:11     | Identified the +3 scale mail of Pantheism {rC+}
  9495 | D:11     | Noticed a boulder beetle
  9512 | D:11     | Killed a boulder beetle
  9512 | D:11     | Identified the +0 ring mail of the Baku {*Corrode rC++
                  | MP+9} (Okawaru gifted it to you on level 11 of the Dungeon)
  9512 | D:11     | Received a gift from Okawaru
  9528 | D:11     | Reached skill level 10 in Shields
  9558 | D:11     | Reached XP level 13. HP: 41/83 MP: 13/13
 10018 | D:12     | Noticed Sonja
 10061 | D:12     | Killed Sonja
 10489 | D:12     | Found a staircase to the Orcish Mines.
 10641 | D:12     | You fall into a shaft and drop 2 floors!
 10641 | D:14     | Found a gate leading to a gauntlet.
 10646 | Gauntlet | Entered a Gauntlet
 10646 | Gauntlet | Found a transporter.
 10649 | Gauntlet | Found a transporter.
 10650 | Gauntlet | Found a runed translucent door.
 10658 | Gauntlet | Found a runed translucent door.
 10661 | Gauntlet | Found a transporter.
 10665 | Gauntlet | Found a transporter.
 10671 | Gauntlet | Noticed an entropy weaver
 10675 | Gauntlet | Found a transporter.
 10694 | Gauntlet | Found a runed translucent gate.
 10695 | Gauntlet | Found a transporter.
 10695 | Gauntlet | Found a runed translucent gate.
 10698 | Gauntlet | Found a transporter.
 10702 | Gauntlet | Found a transporter.
 10711 | Gauntlet | Found a runed translucent gate.
 10731 | Gauntlet | Found a transporter.
 10748 | Gauntlet | Found a transporter.
 10752 | Gauntlet | Found a transporter.
 10753 | Gauntlet | Noticed a green death
 10756 | Gauntlet | Found a runed translucent door.
 10756 | Gauntlet | Found a runed translucent door.
 10760 | Gauntlet | Found a transporter.
 10846 | Gauntlet | Killed a green death
 10847 | Gauntlet | Reached skill level 1 in Invocations
 10895 | Gauntlet | Identified the ring "Boubbip" {Fire Will+ Int+3 Stlth-}
 10988 | Gauntlet | Noticed a minotaur
 11003 | Gauntlet | Killed a minotaur
 11027 | Gauntlet | Identified the +0 ring mail of Greed {rF+ rC+}
 11027 | Gauntlet | Identified the +5 tower shield of Fixuq {Will+ Int+2
                  | Stlth+}
 11056 | D:14     | Found a shimmering blue altar of Sif Muna.
 11075 | D:14     | Reached skill level 11 in Shields
 11135 | D:14     | Received a gift from Okawaru
 11196 | D:14     | Received a gift from Okawaru
 11275 | D:14     | Identified the +5 ring mail of the Saviour {rCorr} (Okawaru
                  | gifted it to you on level 14 of the Dungeon)
 11275 | D:14     | Received a gift from Okawaru
 11290 | D:14     | Gained mutation: Your large and strong wings let you fly.
                  | [Gargoyle growth]
 11290 | D:14     | Reached XP level 14. HP: 59/91 MP: 17/17
 11830 | D:13     | Found a gate to the Vaults.
 11856 | D:13     | Reached skill level 12 in Shields
 12123 | D:13     | Reached skill level 5 in Invocations
 12466 | D:10     | Killed spanner's ghost
 12561 | Lair:1   | Entered Level 1 of the Lair of Beasts
 13035 | D:10     | Identified the +1 mace of Agony {elec, rCorr} (Okawaru
                  | gifted it to you on level 10 of the Dungeon)
 13035 | D:10     | Received a gift from Okawaru
 13044 | D:10     | Reached skill level 13 in Shields
 13772 | Lair:2   | Found a hole to the Spider Nest.
 14368 | Lair:3   | You are sucked into a shaft and drop 1 floor!
 14541 | Lair:4   | Received a gift from Okawaru
 14597 | Lair:4   | Found a viscous altar of Jiyva.
 14616 | Lair:4   | Reached XP level 15. HP: 97/97 MP: 20/20
 14677 | Lair:4   | Reached skill level 14 in Shields
 14697 | Lair:4   | Found a staircase to the Slime Pits.
 15561 | Lair:3   | Reached skill level 15 in Maces & Flails
 15605 | Lair:3   | Found a staircase to the Swamp.
 16334 | Lair:5   | Entered Level 5 of the Lair of Beasts
 16610 | Lair:5   | Noticed Josephine
 16620 | Lair:5   | Killed Josephine
 17113 | Lair:5   | Reached skill level 15 in Shields
 17141 | Lair:5   | Identified the +9 orcbow of Trial by Ordeal {elec, rC+ MP+9
                  | Dex-5} (Okawaru gifted it to you on level 5 of the Lair of
                  | Beasts)
 17141 | Lair:5   | Received a gift from Okawaru
 17246 | Lair:5   | Identified the +8 hand axe "Koekammi" {freeze, Int+5 Dex-2}
 17597 | Orc:1    | Entered Level 1 of the Orcish Mines
 17764 | Orc:1    | You are sucked into a shaft and drop 1 floor!
 17764 | Orc:2    | Entered Level 2 of the Orcish Mines
 17806 | Orc:2    | Noticed Rupert
 17808 | Orc:2    | Paralysed by Rupert for 2 turns
 17822 | Orc:2    | Killed Rupert
 18005 | Orc:1    | Received a gift from Okawaru
 18145 | Orc:1    | Found Ofinnoed's Distillery.
 18464 | Orc:2    | Found a staircase to the Elven Halls.
 18669 | Orc:2    | Received a gift from Okawaru
 18702 | Orc:2    | Reached skill level 16 in Shields
 18702 | Orc:2    | Reached XP level 16. HP: 76/104 MP: 22/22
 18801 | Orc:2    | Found Kyhoh's Weapon Emporium.
 18802 | Orc:2    | Found Deoqod's Book Boutique.
 18909 | Orc:2    | Found Talede's Book Boutique.
 18910 | Orc:2    | Found Qopo's Weapon Shop.
 19263 | Swamp:1  | Entered Level 1 of the Swamp
 19286 | Swamp:1  | Noticed a thorn hunter
 19306 | Swamp:1  | Killed a thorn hunter
 19314 | Swamp:1  | Received a gift from Okawaru
 19431 | Swamp:1  | Identified the +3 long sword "Qiread" {flame, rPois rN+
                  | Int-4 Dex+2} (Okawaru gifted it to you on level 1 of the
                  | Swamp)
 19431 | Swamp:1  | Received a gift from Okawaru
 19535 | Swamp:1  | You are sucked into a shaft and drop 1 floor!
 20571 | Swamp:2  | Identified the +1 ring mail of Intuition {rF- rC+ Stlth+}
 20624 | Swamp:2  | Found a sacrificial altar of Ru.
 20631 | Swamp:2  | Reached skill level 17 in Shields
 20823 | Swamp:1  | Identified the +5 morningstar "Doedo" {protect, rC+}
                  | (Okawaru gifted it to you on level 1 of the Swamp)
 20823 | Swamp:1  | Received a gift from Okawaru
 20893 | Swamp:1  | Identified the +0 lajatang of Eparoyp {drain, Drain rElec
                  | rC+}
 20904 | Swamp:1  | Mangled by a spriggan berserker

Illustrated notes

Levels and vault maps discovered:
D:1:      denvon_arrival_waterhouse, layout_basic, kennysheep_doodads,
          kennysheep_flooded_box
D:2:      layout_rooms, kennysheep_decorative_pillar
D:3:      layout_loops_ring, nicolae_dithmenos_through_a_glass_darkly,
          hellmonk_ecumenical_altar_lost_god, minivault_19, uniq_robin,
          uniq_grinder
D:4:      nicolae_BIG_FREAKIN_CUBE, layout_rooms, grunt_ministairs_11,
          uniq_crazy_yiuf_cottage, uniq_pikel, uniq_eustachio,
          uniq_blork_the_orc
D:5:      kennysheep_steamy, layout_basic,
          grunt_temple_overflow_order_and_chaos_2
D:6:      layout_rooms, nrook_campfire, uniq_menkaure, uniq_edmund
D:7:      kennysheep_slugbush, layout_rooms, mainiacjoe_overflow_swirl,
          gammafunk_temple_overflow_statue, minmay_temple_entry_stoned_glass
D:8:      layout_basic, serial_shops, shop
D:9:      layout_rooms, fiery_altar_vehumet, minmay_hedge_maze
D:10:     layout_basic, lair_entry_dummy, gammafunk_ghost_hydra_chop
D:11:     layout_roguey, portal_ice_cave_rime, minmay_mirror_moons_of_madness
D:12:     minmay_evil_eye, layout_grid_maze, erik_orc_4, uniq_sonja
D:13:     layout_cave_pools, erik_vaults_1, hangedman_weighted_door
D:14:     layout_basic, gauntlet_entry_generic, nicolae_sif_muna_condensation
Temple:   nicolae_temple_bog_church
Lair:1:   layout_hall_layers, kennysheep_rathole
Lair:2:   layout_regular_city, spider_nest_entry_a
Lair:3:   layout_regular_city, swamp_mist_pool
Lair:4:   layout_regular_city, nicolae_slime_entry_field_trip
Lair:5:   grunt_lair_end_beastmaster, layout_hall_layers, uniq_josephine
Swamp:1:  nicolae_swamp_secret_spriggan_hideout, layout_basic_swamp,
          evilmike_swamp_ruin_house_4
Swamp:2:  layout_basic_swamp, nicolae_swamp_godswood, infiniplex_staircase_pool
Swamp:3:  layout_basic_swamp, evilmike_swamp_ruin_house_2
Orc:1:    layout_caves, serial_shops, nicolae_square_shop
Orc:2:    st_orc_open, layout_caves, uniq_rupert

Skill      XL: |  1  2  3  4  5  6  7  8  9 10 11 12 13 14 15 16 |
---------------+-------------------------------------------------+-----
Maces & Flails | 4 6 7 9 10 12 13 14 15 | 15.7
Armour         | 4 5 6 8 9 10 11 12 13 | 13.4
Shields        | 4 5 6 7 8 10 11 13 16 17 | 17.1
Fighting       | 4 5 6 7 9 10 11 12 13 14 | 14.2
Dodging        | 1 2 |  2.3
Throwing       | 1 2 3 4 |  4.5
Invocations    | 4 6 8 9 |  9.8

Action                     |  1- 3 |  4- 6 |  7- 9 | 10-12 | 13-15 | 16-18 || total
---------------------------+-------+-------+-------+-------+-------+-------++-------
  Melee: Flail             |   147 |   185 |   101 |   496 |  1570 |   520 ||  3019
         Whip              |       |       |   246 |   362 |       |       ||   608
         Mace              |       |       |       |   111 |       |       ||   111
  Throw: Stone             |       |     5 |    24 |    20 |       |       ||    49
         Boomerang         |       |       |       |    19 |    23 |     5 ||    47
         Dart              |       |       |       |       |    18 |       ||    18
 Invoke: Heroism           |       |       |       |     1 |     1 |       ||     2
    Use: Scroll            |       |       |       |       |     7 |     4 ||    11
         Potion            |       |       |       |       |       |     1 ||     1
   Stab: Petrified         |       |       |       |       |    15 |       ||    15
 Armour: Scale mail        |    37 |       |       |       |       |       ||    37
         Plate armour      |    50 |   139 |   261 |   450 |       |       ||   900
         Crystal plate arm |       |       |       |    74 |   945 |   162 ||  1181
  Dodge: Dodged            |    61 |    31 |   102 |   243 |   193 |    42 ||   672
  Block: Buckler           |    37 |    48 |    80 |   187 |       |       ||   352
         Kite shield       |       |       |       |    50 |   105 |       ||   155
         Tower shield      |       |       |       |       |  1573 |   383 ||  1956

Table legend: (Time is in decaauts)
 A = Elapsed time spent in this place.
 B = Non-inter-level travel time spent in this place.
 C = Inter-level travel time spent in this place.
 D = Time resting spent in this place.
 E = Time spent auto-exploring this place.
 F = Levels seen in this place.
 G = Mean time per level.
                   A        B        C        D        E       F      G
               +--------+--------+--------+--------+--------+-----+--------+
         Total |  20413 |  18822 |   1591 |    406 |  12466 |  27 |  756.0 |
       Dungeon |  11036 |   9994 |   1042 |    225 |   6519 |  14 |  788.3 |
        Temple |      1 |      1 |      0 |      0 |      0 |   1 |    1.0 |
          Lair |   4894 |   4494 |    400 |      0 |   3484 |   5 |  978.8 |
         Swamp |   1557 |   1488 |     69 |      0 |    976 |   3 |  519.0 |
  Orcish Mines |   1459 |   1380 |     79 |    115 |    752 |   2 |  729.5 |
      Ice Cave |   1070 |   1070 |      0 |     38 |    569 |   1 | 1070.0 |
      Gauntlet |    395 |    395 |      0 |     28 |    166 |   1 |  395.0 |
               +--------+--------+--------+--------+--------+-----+--------+

Top non-repeatable levels by time:
  Lair:4: 1254 daAuts
    D:10: 1232 daAuts
    D:12: 1141 daAuts
   IceCv: 1070 daAuts
     D:3: 1015 daAuts
    D:11: 986 daAuts
  Lair:5: 976 daAuts
  Lair:3: 960 daAuts
  Lair:1: 957 daAuts
     D:4: 934 daAuts
     D:5: 922 daAuts
     D:1: 911 daAuts
 Swamp:1: 882 daAuts
   Orc:2: 870 daAuts
     D:7: 849 daAuts
